 Dungeon Crawl Stone Soup version 0.17-a0-2115-g0d8b93e (webtiles) character file.

52 Maka the Slasher (level 4, -12/30 HPs)
             Began as a Halfling Fighter on Oct 20, 2015.
             Killed by nerve-wracking pain
             ... invoked by Jessica
              (14 damage)
             ... on level 2 of the Dungeon.
             The game lasted 00:02:09 (1111 turns).

Maka the Slasher (Halfling Fighter)                 Turns: 1111, Time: 00:02:09

Health: -12/30     AC: 12    Str: 16      XL:     4   Next: 8%
Magic:  4/4        EV: 13    Int:  7      God:
Gold:   87         SH:  9    Dex: 15 (19) Spells: 0 memorised, 3 levels left

rFire  . . .     SeeInvis .     a - +0 long sword
rCold  . . .     Clarity  .     b - +0 scale mail
rNeg   . . .     SustAt   .     c - +0 shield
rPois  .         Gourm    .     (no helmet)
rElec  .         Spirit   .     (no cloak)
rCorr  .         Warding  .     g - +0 pair of gloves
rMut   .         Stasis   .     (no boots)
MR     .....                    (no amulet)
Stlth  +.........               (no ring)
                                q - +4 ring of protection

@: agile, very slightly contaminated, hasted, very quick, not resistant to
hostile enchantments, very unstealthy
A: mutation resistance 1
a: no special abilities


You were on level 2 of the Dungeon.
You were hungry.

You visited 1 branch of the dungeon, and saw 2 of its levels.

You collected 87 gold pieces.

Inventory:

Hand Weapons
 a - a +0 long sword (weapon)
Armour
 b - a +0 scale mail (worn)
 c - a +0 shield (worn)
 g - a +0 pair of gloves (worn)
Jewellery
 q - a +4 ring of protection (left hand)
Scrolls
 f - a scroll of recharging {unknown}
 h - a scroll of teleportation {unknown}
 l - a scroll of magic mapping {unknown}
 m - a scroll of identify {unknown}
 o - a scroll of blinking {unknown}
 p - a scroll of enchant weapon {unknown}
Potions
 d - 2 potions of might
 i - a potion of degeneration
Comestibles
 e - a bread ration
 j - a meat ration


   Skills:
 - Level 2.6 Fighting
 + Level 4.0 Long Blades
 - Level 3.2 Armour
 - Level 3.2 Shields


You had 3 spell levels left.
You didn't know any spells.

Dungeon Overview and Level Annotations

Branches:
Dungeon (2/15)

Altars:

Annotations:
D:2 Jessica


Innate Abilities, Weirdness & Mutations

You are small and have problems with some larger weapons.
You are somewhat resistant to further mutation.


Message History

There was something very wrong with that liquid.
You feel clumsy.
Drink which item? (? for menu, Esc to quit)
It was a potion of haste.
You feel yourself speed up.
Jessica gestures wildly while chanting.
Jessica blinks!
You are very lightly contaminated with residual magic.
Drink which item? (? for menu, Esc to quit)
It was a potion of agility.
You feel agile all of a sudden.
Jessica points at you and mumbles some strange words.
You barely resist. You barely miss Jessica.
Jessica is severely wounded.
Jessica hits you but does no damage.
Your shield and scale mail prevent you from hitting Jessica.
Jessica is severely wounded.
Jessica casts a spell at you. Pain shoots through your body!
You die...

... .$.#.#
####.##.#
#....##.#
#.....#.#
#.....#.#
#.......######
#............#
#...[..>..@@.#
##########
#............#
#.........
#............#
#.........
#............#
#.........
#....).......###
#.........
#............'.#
#.........
#............#.#
#.........
##############.#
#.........
###'###.........


You could see Jessica.

Vanquished Creatures
  Natasha (D:2)
  2 giant geckos (D:1)
  2 giant cockroaches (D:1)
  4 goblins (D:1)
  4 hobgoblins (D:1)
  5 kobolds (D:1)
  3 bats
  A giant newt (D:1)
  A rat (D:1)
23 creatures vanquished.

Notes
Turn   | Place    | Note
--------------------------------------------------------------
     0 | D:1      | Maka the Halfling Fighter began the quest for the Orb.
     0 | D:1      | Reached XP level 1. HP: 15/15 MP: 1/1
    47 | D:1      | Reached XP level 2. HP: 10/20 MP: 2/2
   704 | D:1      | Reached XP level 3. HP: 25/25 MP: 3/3
  1060 | D:2      | Noticed Natasha
  1064 | D:2      | Killed Natasha
  1064 | D:2      | Reached skill level 4 in Long Blades
  1064 | D:2      | Reached XP level 4. HP: 25/30 MP: 4/4
  1081 | D:2      | Noticed Jessica
  1103 | D:2      | HP: 1/30 [Jessica/nerve-wracking pain (14)]
  1111 | D:2      | Killed from afar by Jessica

Vault maps used:
D:1:      co_arrival_two_rings
D:2:      uniq_jessica, uniq_natasha

Action                   |  1- 3 |  4- 6 || total
-------------------------+-------+-------++-------
Melee: Long sword        |    91 |     7 ||    98
  Use: Potion            |       |     3 ||     3
